Tampa Bay Lightning vs Edmonton Oilers
Created - Sunday, November 10, 2024 at 09:40
Goals
|
| Tampa Bay Lightning |
2 |
2 |
0 |
4 |
| Edmonton Oilers |
0 |
1 |
1 |
2 |
|
Shots
|
| Tampa Bay Lightning |
17 |
11 |
2 |
30 |
| Edmonton Oilers |
7 |
24 |
11 |
42 |
|
1st period
1. Tampa Bay Lightning , Gustav Nyquist 12 (Johnny Gaudreau 26, Roope Hintz 32) at 10:24 (PP)
2. Tampa Bay Lightning , Kirill Kaprizov 44 (Anze Kopitar 49) at 14:47
Penalties :
Adrian Kempe (EDM) for Tripping (Minor) at 10:00, Dylan Cozens (TBL) for Delaying the game (Minor) at 15:59
2nd period
3. Tampa Bay Lightning , Johnny Gaudreau 22 (Gustav Nyquist 21, Brent Burns 21) at 0:54 (PP)
4. Tampa Bay Lightning , Roope Hintz 28 (TJ Brodie 5, Travis Konecny 36) at 3:59
5. Edmonton Oilers , Corey Perry 10 (Dawson Mercer 32) at 5:15
Penalties :
David Perron (EDM) for Interference (Minor) at 0:22, Hampus Lindholm (TBL) for Tripping (Minor) at 9:53, Alexander Kerfoot (TBL) for Interference (Minor) at 17:53
3rd period
6. Edmonton Oilers , Jake DeBrusk 23 (Brock Boeser 32, Jeff Carter 25) at 8:02 (PP)
Penalties :
Adrian Kempe (EDM) for Holding (Minor) at 2:41, Kirill Kaprizov (TBL) for Roughing (Minor) at 7:49, Darnell Nurse (TBL) for Hooking (Minor) at 19:30
Goalie Stats
Jeremy Swayman (TBL), 40 saves from 42 shots - (0.952), W, 29-16-7, 60:00 minutes
Matt Murray (EDM), 26 saves from 30 shots - (0.867), L, 3-11-0, 60:00 minutes
Players Stats for Tampa Bay Lightning
Player Name G A P +/- PIM S H SB GA TA FO MP PP MP PK MP
------------------------------------------------------------------------------------
Alexander Kerfoot 0 0 0 0 2 2 0 1 0 0 1/2 11:09 0:00 2:31
Anze Kopitar 0 1 1 1 0 5 0 0 0 1 13/22 20:29 1:26 1:42
Brent Burns 0 1 1 1 0 0 1 1 1 1 0/0 18:54 1:28 3:19
Darnell Nurse 0 0 0 -1 2 1 2 1 0 0 0/0 20:00 1:25 1:06
Dylan Cozens 0 0 0 0 2 2 3 0 0 0 0/0 10:50 0:00 2:25
Gustav Nyquist 1 1 2 0 0 2 0 0 1 0 0/0 9:58 1:29 0:00
Hampus Lindholm 0 0 0 1 2 0 1 1 0 1 0/0 21:05 0:15 1:53
Jack Roslovic 0 0 0 0 0 0 1 0 1 0 0/0 8:38 0:00 0:06
Jason Dickinson 0 0 0 0 0 1 1 1 0 0 7/12 11:15 0:00 3:02
Johnny Gaudreau 1 1 2 0 0 4 0 1 2 0 1/2 17:39 1:29 0:00
Jonathan Huberdeau 0 0 0 1 0 1 0 0 0 0 0/0 17:21 0:00 0:00
Kirill Kaprizov 1 0 1 1 2 4 2 0 0 0 0/0 19:34 1:26 0:38
Michael Matheson 0 0 0 -1 0 0 0 2 0 0 0/0 22:15 1:15 3:20
Moritz Seider 0 0 0 1 0 1 2 2 0 2 0/0 23:40 1:27 3:19
Roope Hintz 1 1 2 0 0 3 0 0 1 1 17/26 17:39 1:29 0:00
TJ Brodie 0 1 1 1 0 0 0 0 0 0 0/0 14:07 0:00 0:21
Travis Konecny 0 1 1 0 0 1 2 0 0 1 0/1 17:36 1:26 0:00
Trevor Moore 0 0 0 0 0 3 1 0 2 0 0/0 11:07 0:00 2:54
Players Stats for Edmonton Oilers
Player Name G A P +/- PIM S H SB GA TA FO MP PP MP PK MP
------------------------------------------------------------------------------------
Adrian Kempe 0 0 0 -1 4 7 2 0 1 0 0/2 23:47 3:25 0:21
Alex Iafallo 0 0 0 -1 0 1 0 0 0 0 0/0 5:47 0:00 0:00
Boone Jenner 0 0 0 0 0 6 2 0 0 0 8/22 20:22 3:39 1:16
Brandon Carlo 0 0 0 -1 0 0 1 1 0 0 0/0 22:01 3:31 1:19
Brett Pesce 0 0 0 -1 0 0 0 1 0 0 0/0 14:59 0:00 0:00
Brock Boeser 0 1 1 -1 0 3 2 0 1 3 0/0 20:41 3:00 1:18
Corey Perry 1 0 1 1 0 6 3 1 1 0 0/1 13:52 0:00 1:03
David Perron 0 0 0 0 2 7 4 1 0 0 1/2 20:21 3:36 1:20
David Savard 0 0 0 1 0 1 2 1 0 0 0/0 23:00 3:08 1:36
Dawson Mercer 0 1 1 1 0 1 0 0 2 0 2/8 13:22 0:00 0:32
Derek Ryan 0 0 0 0 0 0 0 0 0 0 0/0 0:40 0:03 0:00
Evan Bouchard 0 0 0 1 0 4 1 1 1 0 0/0 23:00 3:08 1:36
Jacob Trouba 0 0 0 -1 0 1 4 2 0 1 0/0 22:01 3:31 1:19
Jake DeBrusk 1 0 1 -1 0 3 1 0 1 0 0/0 19:23 3:00 0:00
Jeff Carter 0 1 1 -1 0 1 3 2 0 1 10/21 19:23 3:00 0:00
Morgan Barron 0 0 0 0 0 0 0 0 0 0 0/0 1:44 0:14 0:00
Ryan McLeod 0 0 0 0 0 1 2 1 0 2 5/9 17:40 0:00 0:00
Scott Mayfield 0 0 0 -1 0 0 2 4 0 1 0/0 14:59 0:00 0:00
3 Stars
1 - Jeremy Swayman (TBL)
2 - Johnny Gaudreau (TBL)
3 - Gustav Nyquist (TBL)
Power Play
Tampa Bay Lightning - 2 on 3 Attempt(s) - 66.67%
Edmonton Oilers - 1 on 5 Attempt(s) - 20.00%
Penalty Kill
Tampa Bay Lightning - 4 on 5 Attempt(s) - 80.00%
- Score 0 goal in Penalty Kill
Edmonton Oilers - 1 on 3 Attempt(s) - 33.33%
- Score 0 goal in Penalty Kill
Team Stat
Tampa Bay Lightning - Hits : 16 - Faceoff Wins : 39 - Blocked Shots : 10 - Penalty Minutes : 10
Edmonton Oilers - Hits : 29 - Faceoff Wins : 26 - Blocked Shots : 15 - Penalty Minutes : 6
Official
Referees : Francis Charron and Kendrick Nicholson
Linesman : Scott Cherrey and Kyle Flemington
Game Notes
1:08 of 2nd period - Edmonton Oilers goal is going for a video replay. After video review, No Goal. The puck has been directed, batted or thrown into the net by an attacking player other than with a stick.
Finance
Level 1 -- Attendance: 5710 (95.17%) -- Ticket Income $513,900
Level 2 -- Attendance: 4931 (98.62%) -- Ticket Income $246,550
Level 3 -- Attendance: 2712 (90.40%) -- Ticket Income $81,360
Level 4 -- Attendance: 4430 (88.60%) -- Ticket Income $88,600
Luxury Box -- Attendance: 953 (95.30%) -- Ticket Income $181,070
Game was played at the Rexall Place.
Total Attendance: 18736 (93.68%)
Total Ticket Income: $1,111,480
Other Income: $389,018
Total Income: $1,500,498
Tampa Bay Lightning
5 vs 5 Forward
Center Left Wing Right Wing Time % Phy DF OF
1 Anze Kopitar Kirill Kaprizov Jonathan Huberdeau 40 0 2 3
2 Roope Hintz Johnny Gaudreau Travis Konecny 38 0 3 2
3 Jason Dickinson Dylan Cozens Trevor Moore 12 0 2 3
4 Alexander Kerfoot Jack Roslovic Gustav Nyquist 10 0 2 3
5 vs 5 Defense
Defense Defense Time % Phy DF OF
1 Moritz Seider Hampus Lindholm 40 1 2 2
2 Michael Matheson Darnell Nurse 35 1 2 2
3 Brent Burns TJ Brodie 25 1 2 2
4 Michael Matheson Brent Burns 0 1 2 2
PowerPlay Forward
Center Left Wing Right Wing Time % Phy DF OF
1 Roope Hintz Johnny Gaudreau Gustav Nyquist 50 1 2 2
2 Anze Kopitar Kirill Kaprizov Travis Konecny 50 1 2 2
PowerPlay Defense
Defense Defense Time % Phy DF OF
1 Michael Matheson Moritz Seider 50 1 2 2
2 Darnell Nurse Brent Burns 50 1 2 2
Penalty Kill 4 Players Forward
Center Wing Time % Phy DF OF
1 Jason Dickinson Trevor Moore 50 1 2 2
2 Dylan Cozens Alexander Kerfoot 50 1 2 2
Penalty Kill 4 Players Defense
Defense Defense Time % Phy DF OF
1 Moritz Seider Brent Burns 50 1 2 2
2 Michael Matheson Hampus Lindholm 50 1 2 2
Penalty Kill - 3 Players Forward
Forward Time % Phy DF OF
1 Anze Kopitar 50 1 2 2
2 Jason Dickinson 50 1 2 2
Penalty Kill - 3 Players Defense
Defense Defense Time % Phy DF OF
1 Michael Matheson Darnell Nurse 50 1 2 2
2 Moritz Seider Brent Burns 50 1 2 2
4 vs 4 Forward
Center Wing Time % Phy DF OF
1 Anze Kopitar Kirill Kaprizov 50 1 2 2
2 Dylan Cozens Travis Konecny 50 1 2 2
4 vs 4 Defense
Defense Defense Time % Phy DF OF
1 Michael Matheson Brent Burns 50 1 2 2
2 Moritz Seider Hampus Lindholm 50 1 2 2
Last Minutes Offensive
Center Left Wing Right Wing Defense Defense
Anze Kopitar Kirill Kaprizov Travis Konecny Michael Matheson Moritz Seider
Last Minutes Defensive
Center Left Wing Right Wing Defense Defense
Anze Kopitar Jason Dickinson Alexander Kerfoot Moritz Seider Michael Matheson
Goaltenders
Starting : Jeremy Swayman
Backup : Darcy Kuemper
Extra Forwards
Normal : Travis Konecny, Anze Kopitar, Trevor Moore - PP : Jonathan Huberdeau, Trevor Moore - PK : Anze Kopitar
Extra Defensemen
Normal : Brent Burns, Michael Matheson, Moritz Seider - PP : Hampus Lindholm - PK : Darnell Nurse, Michael Matheson
Penalty Shots
Trevor Moore, Gustav Nyquist, Alexander Kerfoot, Anze Kopitar, Jonathan Huberdeau
Scratches
None
Edmonton Oilers
5 vs 5 Forward
Center Left Wing Right Wing Time % Phy DF OF
1 Boone Jenner David Perron Adrian Kempe 30 1 2 2
2 Jeff Carter Jake DeBrusk Brock Boeser 30 1 2 2
3 Dawson Mercer Ryan McLeod Corey Perry 25 1 2 2
4 Ryan McLeod Adrian Kempe Alex Iafallo 15 1 2 2
5 vs 5 Defense
Defense Defense Time % Phy DF OF
1 Jacob Trouba Brandon Carlo 35 1 2 2
2 David Savard Evan Bouchard 35 1 2 2
3 Scott Mayfield Brett Pesce 30 1 2 2
4 Jacob Trouba Brandon Carlo 0 1 2 2
PowerPlay Forward
Center Left Wing Right Wing Time % Phy DF OF
1 Boone Jenner David Perron Adrian Kempe 50 1 2 2
2 Jeff Carter Jake DeBrusk Brock Boeser 50 1 2 2
PowerPlay Defense
Defense Defense Time % Phy DF OF
1 Jacob Trouba Brandon Carlo 50 1 2 2
2 David Savard Evan Bouchard 50 1 2 2
Penalty Kill 4 Players Forward
Center Wing Time % Phy DF OF
1 Adrian Kempe Brock Boeser 50 1 2 2
2 Boone Jenner David Perron 50 1 2 2
Penalty Kill 4 Players Defense
Defense Defense Time % Phy DF OF
1 Jacob Trouba Brandon Carlo 50 1 2 2
2 David Savard Evan Bouchard 50 1 2 2
Penalty Kill - 3 Players Forward
Forward Time % Phy DF OF
1 Adrian Kempe 50 1 2 2
2 Brock Boeser 50 1 2 2
Penalty Kill - 3 Players Defense
Defense Defense Time % Phy DF OF
1 Jacob Trouba Brandon Carlo 50 1 2 2
2 David Savard Evan Bouchard 50 1 2 2
4 vs 4 Forward
Center Wing Time % Phy DF OF
1 Adrian Kempe Brock Boeser 50 1 2 2
2 Boone Jenner David Perron 50 1 2 2
4 vs 4 Defense
Defense Defense Time % Phy DF OF
1 Jacob Trouba Brandon Carlo 50 1 2 2
2 David Savard Evan Bouchard 50 1 2 2
Last Minutes Offensive
Center Left Wing Right Wing Defense Defense
Boone Jenner David Perron Adrian Kempe Jacob Trouba Brandon Carlo
Last Minutes Defensive
Center Left Wing Right Wing Defense Defense
Boone Jenner David Perron Adrian Kempe Jacob Trouba Brandon Carlo
Goaltenders
Starting : Matt Murray
Backup : Juuse Saros
Extra Forwards
Normal : Morgan Barron, Derek Ryan, Corey Perry - PP : Morgan Barron, Derek Ryan - PK : Corey Perry
Extra Defensemen
Normal : Scott Mayfield, Brett Pesce, David Savard - PP : Scott Mayfield - PK : Brett Pesce, David Savard
Penalty Shots
Adrian Kempe, Brock Boeser, Boone Jenner, David Perron, Jake DeBrusk
Scratches
David Reinbacher (Healthy), Rasmus Ristolainen (Healthy), Julien Gauthier (Healthy), Tanner Jeannot (Healthy), Dylan Holloway (Healthy)
% Time on Ice - Tampa Bay Lightning
Lines # - Real PCT - Wanted PCT - Time Play
Normal Forward
1 - 34% - 40% - 17:21
2 - 32% - 38% - 16:23
3 - 16% - 12% - 8:13
4 - 17% - 10% - 8:29
Normal Defense
1 - 37% - 40% - 18:54
2 - 35% - 35% - 17:49
3 - 27% - 25% - 13:43
4 - 0% - 0% - 0:00
PP Forward
1 - 51% - 50% - 1:29
2 - 49% - 50% - 1:26
PP Defense
1 - 50% - 50% - 1:27
2 - 50% - 50% - 1:28
PK Forward
1 - 44% - 50% - 2:54
2 - 56% - 50% - 3:45
PK Defense
1 - 50% - 50% - 3:19
2 - 50% - 50% - 3:20
PK3 Forward
1 - 0% - 50%
2 - 0% - 50%
PK3 Defense
1 - 0% - 50%
2 - 0% - 50%
44 Forward
1 - 0% - 50%
2 - 0% - 50%
44 Defense
1 - 0% - 50%
2 - 0% - 50%
Last Minute Offensive - 0:00
Last Minute Defensive - 0:00
Total
Forward - 60:00
Defense - 60:00
|
% Time on Ice - Edmonton Oilers
Lines # - Real PCT - Wanted PCT - Time Play
Normal Forward
1 - 31% - 30% - 15:27
2 - 32% - 30% - 16:23
3 - 25% - 25% - 12:49
4 - 11% - 15% - 5:47
Normal Defense
1 - 34% - 35% - 17:11
2 - 36% - 35% - 18:16
3 - 30% - 30% - 14:59
4 - 0% - 0% - 0:00
PP Forward
1 - 55% - 50% - 3:39
2 - 45% - 50% - 3:00
PP Defense
1 - 53% - 50% - 3:31
2 - 47% - 50% - 3:08
PK Forward
1 - 60% - 50% - 1:45
2 - 40% - 50% - 1:10
PK Defense
1 - 45% - 50% - 1:19
2 - 55% - 50% - 1:36
PK3 Forward
1 - 0% - 50%
2 - 0% - 50%
PK3 Defense
1 - 0% - 50%
2 - 0% - 50%
44 Forward
1 - 0% - 50%
2 - 0% - 50%
44 Defense
1 - 0% - 50%
2 - 0% - 50%
Last Minute Offensive - 0:00
Last Minute Defensive - 0:00
Total
Forward - 60:00
Defense - 60:00
|
Play-by-Play
1st period
0:01 of 1st period - Anze Kopitar wins face-off versus Boone Jenner in neutral zone.
0:26 of 1st period - Hampus Lindholm is hit by Corey Perry and loses puck.
0:38 of 1st period - Backhand shot by Anze Kopitar.
0:38 of 1st period - Shot Misses the Net.
0:40 of 1st period - Wrist shot by Anze Kopitar.
0:40 of 1st period - Shot Blocked by Ryan McLeod.
1:02 of 1st period - Slapshot by Anze Kopitar.
1:02 of 1st period - Stopped by Matt Murray with a rebound.
1:04 of 1st period - Snap shot by Brent Burns.
1:04 of 1st period - Deflect By Anze Kopitar.
1:04 of 1st period - Shot Misses the Net.
1:04 of 1st period - Puck is out of play.
1:05 of 1st period - Jeff Carter wins face-off versus Roope Hintz in Edmonton Oilers zone.
1:18 of 1st period - Wrist shot by Travis Konecny.
1:18 of 1st period - Shot Blocked by Evan Bouchard.
1:20 of 1st period - Backhand shot by Johnny Gaudreau.
1:20 of 1st period - Deflect By Roope Hintz.
1:20 of 1st period - Shot Misses the Net.
1:20 of 1st period - Puck is out of play.
1:21 of 1st period - Jason Dickinson wins face-off versus Boone Jenner in Edmonton Oilers zone.
1:32 of 1st period - Wrist shot by Trevor Moore.
1:32 of 1st period - Stopped by Matt Murray with a rebound.
1:34 of 1st period - Backhand shot by Jason Dickinson.
1:34 of 1st period - Stopped by Matt Murray with a rebound.
1:48 of 1st period - Scott Mayfield is hit by Travis Konecny and loses puck.
1:57 of 1st period - Snap shot by Brock Boeser.
1:57 of 1st period - Stopped by Jeremy Swayman without a rebound.
1:58 of 1st period - Alexander Kerfoot wins face-off versus Ryan McLeod in Tampa Bay Lightning zone.
1:58 of 1st period - Alexander Kerfoot is hit by Ryan McLeod.
2:12 of 1st period - Wrist shot by Adrian Kempe.
2:12 of 1st period - Stopped by Jeremy Swayman without a rebound.
2:13 of 1st period - Jeff Carter wins face-off versus Roope Hintz in Tampa Bay Lightning zone.
2:24 of 1st period - Wrist shot by Travis Konecny.
2:24 of 1st period - Stopped by Matt Murray with a rebound.
2:26 of 1st period - Wrist shot by Travis Konecny.
2:26 of 1st period - Shot Blocked by Scott Mayfield.
2:28 of 1st period - Wrist shot by Travis Konecny.
2:28 of 1st period - Deflect By Johnny Gaudreau.
2:28 of 1st period - Stopped by Matt Murray with a rebound.
2:30 of 1st period - Snap shot by Roope Hintz.
2:30 of 1st period - Shot Misses the Net.
3:11 of 1st period - Snap shot by Anze Kopitar.
3:11 of 1st period - Shot Blocked by David Savard.
3:13 of 1st period - Slapshot by Darnell Nurse.
3:13 of 1st period - Stopped by Matt Murray with a rebound.
3:15 of 1st period - Slapshot by Darnell Nurse.
3:15 of 1st period - Deflect By Anze Kopitar.
3:15 of 1st period - Stopped by Matt Murray without a rebound.
3:16 of 1st period - Roope Hintz wins face-off versus Dawson Mercer in Edmonton Oilers zone.
3:17 of 1st period - Snap shot by Travis Konecny.
3:17 of 1st period - Shot Misses the Net.
4:08 of 1st period - Boone Jenner is hit by Darnell Nurse and loses puck.
5:03 of 1st period - Jason Dickinson is hit by Ryan McLeod and loses puck.
6:10 of 1st period - Snap shot by Trevor Moore.
6:10 of 1st period - Shot Blocked by Jacob Trouba.
6:12 of 1st period - Wrist shot by TJ Brodie.
6:12 of 1st period - Shot Blocked by Brandon Carlo.
6:52 of 1st period - Wrist shot by Jonathan Huberdeau.
6:52 of 1st period - Shot Blocked by Scott Mayfield.
7:06 of 1st period - Alex Iafallo is hit by Brent Burns and loses puck.
7:11 of 1st period - Snap shot by Roope Hintz.
7:11 of 1st period - Shot Misses the Net.
7:13 of 1st period - Slapshot by Roope Hintz.
7:13 of 1st period - Stopped by Matt Murray with a rebound.
7:17 of 1st period - Snap shot by Roope Hintz.
7:17 of 1st period - Shot Misses the Net.
7:31 of 1st period - Trevor Moore is hit by Scott Mayfield and loses puck.
8:42 of 1st period - Snap shot by Trevor Moore.
8:42 of 1st period - Stopped by Matt Murray without a rebound.
8:43 of 1st period - Boone Jenner wins face-off versus Jason Dickinson in Edmonton Oilers zone.
8:43 of 1st period - Boone Jenner is hit by Dylan Cozens.
8:49 of 1st period - Jason Dickinson is hit by David Perron and loses puck.
9:06 of 1st period - Michael Matheson is hit by Jake DeBrusk.
10:00 of 1st period - Minor Penalty to Adrian Kempe for Tripping.
10:01 of 1st period - Roope Hintz wins face-off versus Boone Jenner in Edmonton Oilers zone.
10:04 of 1st period - Snap shot by Johnny Gaudreau.
10:04 of 1st period - Stopped by Matt Murray with a rebound.
10:06 of 1st period - Wrist shot by Gustav Nyquist.
10:06 of 1st period - Stopped by Matt Murray without a rebound.
10:07 of 1st period - Roope Hintz wins face-off versus Boone Jenner in Edmonton Oilers zone.
10:16 of 1st period - Snap shot by Boone Jenner.
10:16 of 1st period - Stopped by Jeremy Swayman with a rebound.
10:24 of 1st period - Wrist shot by Gustav Nyquist.
10:24 of 1st period - Goal by Gustav Nyquist - Tampa Bay Lightning : 1 - Edmonton Oilers : 0.
10:25 of 1st period - Roope Hintz wins face-off versus Ryan McLeod in neutral zone.
10:52 of 1st period - Jake DeBrusk is hit by Hampus Lindholm.
11:57 of 1st period - Snap shot by Brock Boeser.
11:57 of 1st period - Stopped by Jeremy Swayman without a rebound.
11:58 of 1st period - Anze Kopitar wins face-off versus Jeff Carter in Tampa Bay Lightning zone.
12:49 of 1st period - Alexander Kerfoot is hit by Evan Bouchard and loses puck.
14:47 of 1st period - Snap shot by Kirill Kaprizov.
14:47 of 1st period - Goal by Kirill Kaprizov - Tampa Bay Lightning : 2 - Edmonton Oilers : 0.
14:48 of 1st period - Jeff Carter wins face-off versus Anze Kopitar in neutral zone.
14:57 of 1st period - Slapshot by Anze Kopitar.
14:57 of 1st period - Deflect By Kirill Kaprizov.
14:57 of 1st period - Stopped by Matt Murray with a rebound.
14:59 of 1st period - Slapshot by Moritz Seider.
14:59 of 1st period - Stopped by Matt Murray with a rebound.
15:01 of 1st period - Wrist shot by Anze Kopitar.
15:01 of 1st period - Stopped by Matt Murray without a rebound.
15:02 of 1st period - Ryan McLeod wins face-off versus Roope Hintz in Edmonton Oilers zone.
15:07 of 1st period - Travis Konecny is hit by Adrian Kempe and loses puck.
15:38 of 1st period - Slapshot by Brock Boeser.
15:38 of 1st period - Shot Misses the Net.
15:49 of 1st period - Slapshot by Adrian Kempe.
15:49 of 1st period - Shot Blocked by Jason Dickinson.
15:51 of 1st period - Slapshot by Jacob Trouba.
15:51 of 1st period - Shot Blocked by Moritz Seider.
15:59 of 1st period - Minor Penalty to Dylan Cozens for Delaying the game.
16:00 of 1st period - Jason Dickinson wins face-off versus Jeff Carter in Tampa Bay Lightning zone.
16:30 of 1st period - Michael Matheson is hit by Adrian Kempe and loses puck.
17:59 of 1st period - Penalty to Dylan Cozens is over, Dylan Cozens is back on ice.
18:13 of 1st period - Slapshot by Corey Perry.
18:13 of 1st period - Stopped by Jeremy Swayman without a rebound.
18:14 of 1st period - Roope Hintz wins face-off versus Dawson Mercer in Tampa Bay Lightning zone.
18:43 of 1st period - Slapshot by Dawson Mercer.
18:43 of 1st period - Deflect By Boone Jenner.
18:43 of 1st period - Stopped by Jeremy Swayman with a rebound.
18:47 of 1st period - Snap shot by Adrian Kempe.
18:47 of 1st period - Stopped by Jeremy Swayman with a rebound.
19:15 of 1st period - Snap shot by Alexander Kerfoot.
19:15 of 1st period - Stopped by Matt Murray with a rebound.
19:34 of 1st period - Icing by Hampus Lindholm.
19:35 of 1st period - Anze Kopitar wins face-off versus Jeff Carter in Tampa Bay Lightning zone.
19:35 of 1st period - Anze Kopitar is hit by Brock Boeser.
Goals for this period are 2 for Tampa Bay Lightning vs 0 for Edmonton Oilers.
Shots for this period are 17 for Tampa Bay Lightning vs 7 for Edmonton Oilers.
2nd period
0:01 of 2nd period - Roope Hintz wins face-off versus Boone Jenner in neutral zone.
0:22 of 2nd period - Minor Penalty to David Perron for Interference.
0:23 of 2nd period - Anze Kopitar wins face-off versus Adrian Kempe in Edmonton Oilers zone.
0:54 of 2nd period - Wrist shot by Johnny Gaudreau.
0:54 of 2nd period - Goal by Johnny Gaudreau - Tampa Bay Lightning : 3 - Edmonton Oilers : 0.
0:55 of 2nd period - Anze Kopitar wins face-off versus Boone Jenner in neutral zone.
0:58 of 2nd period - Snap shot by Anze Kopitar.
0:58 of 2nd period - Shot Blocked by Jacob Trouba.
1:06 of 2nd period - Snap shot by Adrian Kempe.
1:06 of 2nd period - Shot Misses the Net.
1:08 of 2nd period - Slapshot by Adrian Kempe.
1:08 of 2nd period - Edmonton Oilers goal is going for a video replay.
1:08 of 2nd period - The goal is refused. The puck has been directed, batted or thrown into the net by an attacking player other than with a stick..
1:09 of 2nd period - Roope Hintz wins face-off versus Boone Jenner in Tampa Bay Lightning zone.
2:01 of 2nd period - Brandon Carlo is hit by Trevor Moore and loses puck.
2:24 of 2nd period - Wrist shot by Boone Jenner.
2:24 of 2nd period - Stopped by Jeremy Swayman without a rebound.
2:25 of 2nd period - Jeff Carter wins face-off versus Roope Hintz in Tampa Bay Lightning zone.
2:28 of 2nd period - Slapshot by Brock Boeser.
2:28 of 2nd period - Deflect By Jeff Carter.
2:28 of 2nd period - Shot Blocked by Moritz Seider.
2:28 of 2nd period - Puck is out of play.
2:29 of 2nd period - Roope Hintz wins face-off versus Jeff Carter in Tampa Bay Lightning zone.
2:34 of 2nd period - Evan Bouchard is hit by Moritz Seider and loses puck.
2:39 of 2nd period - Wrist shot by Johnny Gaudreau.
2:39 of 2nd period - Shot Blocked by Jeff Carter.
2:41 of 2nd period - Slapshot by Moritz Seider.
2:41 of 2nd period - Deflect By Travis Konecny.
2:41 of 2nd period - Shot Misses the Net.
2:41 of 2nd period - Puck is out of play.
2:42 of 2nd period - David Perron wins face-off versus Anze Kopitar in Edmonton Oilers zone.
2:48 of 2nd period - Off-side.
2:49 of 2nd period - Boone Jenner wins face-off versus Anze Kopitar in neutral zone.
2:52 of 2nd period - Snap shot by Adrian Kempe.
2:52 of 2nd period - Shot Misses the Net.
2:54 of 2nd period - Slapshot by Evan Bouchard.
2:54 of 2nd period - Stopped by Jeremy Swayman with a rebound.
3:18 of 2nd period - Snap shot by Adrian Kempe.
3:18 of 2nd period - Shot Misses the Net.
3:40 of 2nd period - Snap shot by Adrian Kempe.
3:40 of 2nd period - Stopped by Jeremy Swayman without a rebound.
3:41 of 2nd period - Ryan McLeod wins face-off versus Johnny Gaudreau in Tampa Bay Lightning zone.
3:51 of 2nd period - Off-side.
3:52 of 2nd period - Roope Hintz wins face-off versus Jeff Carter in neutral zone.
3:55 of 2nd period - Wrist shot by Roope Hintz.
3:55 of 2nd period - Shot Misses the Net.
3:57 of 2nd period - Wrist shot by TJ Brodie.
3:57 of 2nd period - Shot Misses the Net.
3:59 of 2nd period - Snap shot by Roope Hintz.
3:59 of 2nd period - Deflect By Jeff Carter.
3:59 of 2nd period - Goal by Roope Hintz - Tampa Bay Lightning : 4 - Edmonton Oilers : 0.
4:00 of 2nd period - Roope Hintz wins face-off versus Ryan McLeod in neutral zone.
4:27 of 2nd period - Evan Bouchard is hit by Kirill Kaprizov and loses puck.
4:48 of 2nd period - Snap shot by Ryan McLeod.
4:48 of 2nd period - Shot Misses the Net.
4:50 of 2nd period - Slapshot by Corey Perry.
4:50 of 2nd period - Shot Misses the Net.
4:52 of 2nd period - Backhand shot by Jacob Trouba.
4:52 of 2nd period - Stopped by Jeremy Swayman with a rebound.
4:59 of 2nd period - Icing by Brent Burns.
5:00 of 2nd period - Jason Dickinson wins face-off versus Boone Jenner in Tampa Bay Lightning zone.
5:09 of 2nd period - Snap shot by David Perron.
5:09 of 2nd period - Stopped by Jeremy Swayman without a rebound.
5:10 of 2nd period - Roope Hintz wins face-off versus Dawson Mercer in Tampa Bay Lightning zone.
5:15 of 2nd period - Snap shot by Corey Perry.
5:15 of 2nd period - Goal by Corey Perry - Tampa Bay Lightning : 4 - Edmonton Oilers : 1.
5:16 of 2nd period - Johnny Gaudreau wins face-off versus Ryan McLeod in neutral zone.
5:31 of 2nd period - Snap shot by Adrian Kempe.
5:31 of 2nd period - Stopped by Jeremy Swayman without a rebound.
5:32 of 2nd period - Anze Kopitar wins face-off versus Jeff Carter in Tampa Bay Lightning zone.
5:32 of 2nd period - Jonathan Huberdeau is hit by Jeff Carter.
5:42 of 2nd period - Backhand shot by Kirill Kaprizov.
5:42 of 2nd period - Stopped by Matt Murray with a rebound.
5:58 of 2nd period - Johnny Gaudreau is hit by Scott Mayfield and loses puck.
7:29 of 2nd period - Boone Jenner is hit by Jason Dickinson and loses puck.
7:34 of 2nd period - Slapshot by Dylan Cozens.
7:34 of 2nd period - Stopped by Matt Murray with a rebound.
8:00 of 2nd period - Slapshot by Evan Bouchard.
8:00 of 2nd period - Stopped by Jeremy Swayman without a rebound.
8:01 of 2nd period - Roope Hintz wins face-off versus Corey Perry in Tampa Bay Lightning zone.
8:27 of 2nd period - Kirill Kaprizov is hit by Jacob Trouba and loses puck.
8:52 of 2nd period - Snap shot by Jake DeBrusk.
8:52 of 2nd period - Deflect By Brock Boeser.
8:52 of 2nd period - Shot Blocked by Alexander Kerfoot.
8:52 of 2nd period - Puck is out of play.
8:53 of 2nd period - Anze Kopitar wins face-off versus Dawson Mercer in Tampa Bay Lightning zone.
8:53 of 2nd period - Anze Kopitar is hit by David Savard.
9:01 of 2nd period - Snap shot by Kirill Kaprizov.
9:01 of 2nd period - Shot Misses the Net.
9:28 of 2nd period - Snap shot by Dawson Mercer.
9:28 of 2nd period - Shot Blocked by Michael Matheson.
9:30 of 2nd period - Snap shot by Ryan McLeod.
9:30 of 2nd period - Stopped by Jeremy Swayman with a rebound.
9:32 of 2nd period - Snap shot by Dawson Mercer.
9:32 of 2nd period - Shot Misses the Net.
9:44 of 2nd period - Wrist shot by Corey Perry.
9:44 of 2nd period - Stopped by Jeremy Swayman without a rebound.
9:45 of 2nd period - Jeff Carter wins face-off versus Roope Hintz in Tampa Bay Lightning zone.
9:53 of 2nd period - Minor Penalty to Hampus Lindholm for Tripping.
9:54 of 2nd period - Boone Jenner wins face-off versus Jason Dickinson in Tampa Bay Lightning zone.
9:54 of 2nd period - Snap shot by David Perron.
9:54 of 2nd period - Deflect By Adrian Kempe.
9:54 of 2nd period - Stopped by Jeremy Swayman with a rebound.
9:56 of 2nd period - Snap shot by Evan Bouchard.
9:56 of 2nd period - Stopped by Jeremy Swayman without a rebound.
9:57 of 2nd period - Boone Jenner wins face-off versus Jason Dickinson in Tampa Bay Lightning zone.
10:34 of 2nd period - Snap shot by David Perron.
10:34 of 2nd period - Stopped by Jeremy Swayman with a rebound.
10:36 of 2nd period - Snap shot by David Perron.
10:36 of 2nd period - Stopped by Jeremy Swayman with a rebound.
10:38 of 2nd period - Snap shot by Adrian Kempe.
10:38 of 2nd period - Shot Blocked by Michael Matheson.
10:46 of 2nd period - Wrist shot by David Perron.
10:46 of 2nd period - Stopped by Jeremy Swayman with a rebound.
10:48 of 2nd period - Slapshot by David Savard.
10:48 of 2nd period - Stopped by Jeremy Swayman without a rebound.
10:49 of 2nd period - Jason Dickinson wins face-off versus Jeff Carter in Tampa Bay Lightning zone.
11:02 of 2nd period - Wrist shot by Jason Dickinson.
11:02 of 2nd period - Shot Blocked by Jeff Carter.
11:53 of 2nd period - Penalty to Hampus Lindholm is over, Hampus Lindholm is back on ice.
11:58 of 2nd period - Icing by Dylan Cozens.
11:59 of 2nd period - Dawson Mercer wins face-off versus Anze Kopitar in Tampa Bay Lightning zone.
12:02 of 2nd period - Slapshot by Corey Perry.
12:02 of 2nd period - Stopped by Jeremy Swayman with a rebound.
12:04 of 2nd period - Snap shot by Dawson Mercer.
12:04 of 2nd period - Shot Misses the Net.
12:46 of 2nd period - Slapshot by Gustav Nyquist.
12:46 of 2nd period - Shot Misses the Net.
13:12 of 2nd period - Wrist shot by Roope Hintz.
13:12 of 2nd period - Stopped by Matt Murray without a rebound.
13:13 of 2nd period - Roope Hintz wins face-off versus Jeff Carter in Edmonton Oilers zone.
13:18 of 2nd period - Wrist shot by Johnny Gaudreau.
13:18 of 2nd period - Stopped by Matt Murray without a rebound.
13:19 of 2nd period - Jeff Carter wins face-off versus Anze Kopitar in Edmonton Oilers zone.
13:26 of 2nd period - Slapshot by Jeff Carter.
13:26 of 2nd period - Stopped by Jeremy Swayman without a rebound.
13:27 of 2nd period - Anze Kopitar wins face-off versus Boone Jenner in Tampa Bay Lightning zone.
13:54 of 2nd period - Darnell Nurse is hit by Brock Boeser and loses puck.
14:34 of 2nd period - Snap shot by Kirill Kaprizov.
14:34 of 2nd period - Stopped by Matt Murray with a rebound.
14:36 of 2nd period - Wrist shot by Jonathan Huberdeau.
14:36 of 2nd period - Stopped by Matt Murray with a rebound.
14:38 of 2nd period - Snap shot by Anze Kopitar.
14:38 of 2nd period - Stopped by Matt Murray without a rebound.
14:39 of 2nd period - Boone Jenner wins face-off versus Roope Hintz in Edmonton Oilers zone.
15:06 of 2nd period - Adrian Kempe is hit by Darnell Nurse.
15:20 of 2nd period - Slapshot by David Perron.
15:20 of 2nd period - Stopped by Jeremy Swayman without a rebound.
15:21 of 2nd period - Jeff Carter wins face-off versus Travis Konecny in Tampa Bay Lightning zone.
15:22 of 2nd period - Snap shot by Brock Boeser.
15:22 of 2nd period - Shot Misses the Net.
15:24 of 2nd period - Wrist shot by Jeff Carter.
15:24 of 2nd period - Deflect By Brock Boeser.
15:24 of 2nd period - Stopped by Jeremy Swayman without a rebound.
15:25 of 2nd period - Roope Hintz wins face-off versus Jeff Carter in Tampa Bay Lightning zone.
15:30 of 2nd period - Travis Konecny is hit by Jeff Carter and loses puck.
15:55 of 2nd period - Slapshot by Evan Bouchard.
15:55 of 2nd period - Stopped by Jeremy Swayman without a rebound.
15:56 of 2nd period - Anze Kopitar wins face-off versus Dawson Mercer in Tampa Bay Lightning zone.
15:56 of 2nd period - Anze Kopitar is hit by Jacob Trouba.
16:20 of 2nd period - Brent Burns is hit by Corey Perry and loses puck.
16:35 of 2nd period - Wrist shot by Dawson Mercer.
16:35 of 2nd period - Shot Blocked by Johnny Gaudreau.
16:45 of 2nd period - Snap shot by Dawson Mercer.
16:45 of 2nd period - Stopped by Jeremy Swayman without a rebound.
16:46 of 2nd period - Anze Kopitar wins face-off versus Boone Jenner in Tampa Bay Lightning zone.
16:46 of 2nd period - Anze Kopitar is hit by David Perron.
17:42 of 2nd period - Jack Roslovic is hit by Jacob Trouba.
17:53 of 2nd period - Minor Penalty to Alexander Kerfoot for Interference.
17:54 of 2nd period - Jeff Carter wins face-off versus Jason Dickinson in Tampa Bay Lightning zone.
17:54 of 2nd period - Snap shot by Brock Boeser.
17:54 of 2nd period - Deflect By Jake DeBrusk.
17:54 of 2nd period - Stopped by Jeremy Swayman with a rebound.
18:12 of 2nd period - Anze Kopitar is hit by Brandon Carlo and loses puck.
18:45 of 2nd period - Slapshot by Dylan Cozens.
18:45 of 2nd period - Stopped by Matt Murray with a rebound.
18:51 of 2nd period - Snap shot by Anze Kopitar.
18:51 of 2nd period - Stopped by Matt Murray with a rebound.
19:47 of 2nd period - Adrian Kempe is hit by Dylan Cozens and loses puck.
19:53 of 2nd period - Penalty to Alexander Kerfoot is over, Alexander Kerfoot is back on ice.
19:54 of 2nd period - Dylan Cozens is hit by Boone Jenner and loses puck.
Goals for this period are 2 for Tampa Bay Lightning vs 1 for Edmonton Oilers.
Shots for this period are 11 for Tampa Bay Lightning vs 24 for Edmonton Oilers.
3rd period
0:01 of 3rd period - Ryan McLeod wins face-off versus Roope Hintz in neutral zone.
0:49 of 3rd period - Slapshot by Dawson Mercer.
0:49 of 3rd period - Shot Misses the Net.
1:17 of 3rd period - Wrist shot by Jason Dickinson.
1:17 of 3rd period - Shot Misses the Net.
2:19 of 3rd period - Trevor Moore is hit by David Perron and loses puck.
2:41 of 3rd period - Minor Penalty to Adrian Kempe for Holding.
2:42 of 3rd period - Boone Jenner wins face-off versus Anze Kopitar in Edmonton Oilers zone.
4:41 of 3rd period - Penalty to Adrian Kempe is over, Adrian Kempe is back on ice.
4:47 of 3rd period - Wrist shot by Ryan McLeod.
4:47 of 3rd period - Shot Misses the Net.
4:49 of 3rd period - Snap shot by Alex Iafallo.
4:49 of 3rd period - Stopped by Jeremy Swayman without a rebound.
4:50 of 3rd period - Ryan McLeod wins face-off versus Jason Dickinson in Tampa Bay Lightning zone.
5:15 of 3rd period - Brock Boeser is hit by Jack Roslovic and loses puck.
5:20 of 3rd period - Wrist shot by Alexander Kerfoot.
5:20 of 3rd period - Stopped by Matt Murray with a rebound.
5:22 of 3rd period - Slapshot by TJ Brodie.
5:22 of 3rd period - Shot Misses the Net.
5:24 of 3rd period - Slapshot by Gustav Nyquist.
5:24 of 3rd period - Deflect By Jake DeBrusk.
5:24 of 3rd period - Shot Misses the Net.
5:24 of 3rd period - Puck is out of play.
5:25 of 3rd period - Boone Jenner wins face-off versus Roope Hintz in Edmonton Oilers zone.
5:38 of 3rd period - Brent Burns is hit by Boone Jenner and loses puck.
6:14 of 3rd period - Off-side.
6:15 of 3rd period - Jeff Carter wins face-off versus Alexander Kerfoot in neutral zone.
6:50 of 3rd period - Wrist shot by Boone Jenner.
6:50 of 3rd period - Stopped by Jeremy Swayman without a rebound.
6:51 of 3rd period - Dawson Mercer wins face-off versus Roope Hintz in Tampa Bay Lightning zone.
6:54 of 3rd period - Snap shot by Corey Perry.
6:54 of 3rd period - Stopped by Jeremy Swayman without a rebound.
6:55 of 3rd period - Roope Hintz wins face-off versus Dawson Mercer in Tampa Bay Lightning zone.
6:55 of 3rd period - Roope Hintz is hit by David Savard.
7:01 of 3rd period - Dawson Mercer is hit by Travis Konecny and loses puck.
7:14 of 3rd period - Michael Matheson is hit by Corey Perry and loses puck.
7:39 of 3rd period - Slapshot by Corey Perry.
7:39 of 3rd period - Stopped by Jeremy Swayman with a rebound.
7:41 of 3rd period - Slapshot by Evan Bouchard.
7:41 of 3rd period - Deflect By Ryan McLeod.
7:41 of 3rd period - Shot Misses the Net.
7:41 of 3rd period - Puck is out of play.
7:42 of 3rd period - Boone Jenner wins face-off versus Anze Kopitar in Tampa Bay Lightning zone.
7:47 of 3rd period - Snap shot by David Perron.
7:47 of 3rd period - Shot Misses the Net.
7:49 of 3rd period - Minor Penalty to Kirill Kaprizov for Roughing.
7:50 of 3rd period - Jason Dickinson wins face-off versus Jeff Carter in Tampa Bay Lightning zone.
8:02 of 3rd period - Snap shot by Jake DeBrusk.
8:02 of 3rd period - Goal by Jake DeBrusk - Tampa Bay Lightning : 4 - Edmonton Oilers : 2.
8:03 of 3rd period - Anze Kopitar wins face-off versus Adrian Kempe in neutral zone.
8:12 of 3rd period - Snap shot by David Perron.
8:12 of 3rd period - Deflect By Jonathan Huberdeau.
8:12 of 3rd period - Shot Misses the Net.
8:12 of 3rd period - Puck is out of play.
8:13 of 3rd period - Anze Kopitar wins face-off versus Boone Jenner in Tampa Bay Lightning zone.
8:13 of 3rd period - Anze Kopitar is hit by David Perron.
8:48 of 3rd period - Wrist shot by David Perron.
8:48 of 3rd period - Stopped by Jeremy Swayman with a rebound.
8:50 of 3rd period - Backhand shot by Boone Jenner.
8:50 of 3rd period - Stopped by Jeremy Swayman with a rebound.
8:52 of 3rd period - Slapshot by Brandon Carlo.
8:52 of 3rd period - Shot Misses the Net.
8:54 of 3rd period - Snap shot by David Perron.
8:54 of 3rd period - Shot Blocked by Hampus Lindholm.
8:56 of 3rd period - Snap shot by David Perron.
8:56 of 3rd period - Stopped by Jeremy Swayman without a rebound.
8:57 of 3rd period - Roope Hintz wins face-off versus Jeff Carter in Tampa Bay Lightning zone.
9:14 of 3rd period - Slapshot by Roope Hintz.
9:14 of 3rd period - Shot Misses the Net.
9:41 of 3rd period - Snap shot by Roope Hintz.
9:41 of 3rd period - Shot Blocked by Scott Mayfield.
9:47 of 3rd period - Roope Hintz is hit by Jeff Carter and loses puck.
10:34 of 3rd period - Backhand shot by Jake DeBrusk.
10:34 of 3rd period - Shot Blocked by Darnell Nurse.
10:36 of 3rd period - Wrist shot by Jake DeBrusk.
10:36 of 3rd period - Stopped by Jeremy Swayman without a rebound.
10:37 of 3rd period - Anze Kopitar wins face-off versus Boone Jenner in Tampa Bay Lightning zone.
11:04 of 3rd period - David Perron is hit by Moritz Seider.
11:46 of 3rd period - Wrist shot by David Perron.
11:46 of 3rd period - Shot Misses the Net.
11:48 of 3rd period - Snap shot by David Perron.
11:48 of 3rd period - Shot Misses the Net.
11:50 of 3rd period - Wrist shot by David Perron.
11:50 of 3rd period - Shot Misses the Net.
11:56 of 3rd period - Snap shot by Boone Jenner.
11:56 of 3rd period - Deflect By Brent Burns.
11:56 of 3rd period - Stopped by Jeremy Swayman with a rebound.
12:00 of 3rd period - Wrist shot by Boone Jenner.
12:00 of 3rd period - Shot Misses the Net.
12:12 of 3rd period - Slapshot by Adrian Kempe.
12:12 of 3rd period - Stopped by Jeremy Swayman without a rebound.
12:13 of 3rd period - Ryan McLeod wins face-off versus Anze Kopitar in Tampa Bay Lightning zone.
12:32 of 3rd period - Evan Bouchard is hit by Kirill Kaprizov and loses puck.
12:51 of 3rd period - Slapshot by Jason Dickinson.
12:51 of 3rd period - Shot Blocked by Corey Perry.
12:53 of 3rd period - Slapshot by Trevor Moore.
12:53 of 3rd period - Deflect By Dylan Cozens.
12:53 of 3rd period - Shot Misses the Net.
12:53 of 3rd period - Puck is out of play.
12:54 of 3rd period - Jeff Carter wins face-off versus Anze Kopitar in Edmonton Oilers zone.
14:25 of 3rd period - Jacob Trouba is hit by Dylan Cozens and loses puck.
15:26 of 3rd period - Icing by TJ Brodie.
15:27 of 3rd period - Jason Dickinson wins face-off versus Boone Jenner in Tampa Bay Lightning zone.
15:27 of 3rd period - Jason Dickinson is hit by Jacob Trouba.
16:49 of 3rd period - Snap shot by Trevor Moore.
16:49 of 3rd period - Stopped by Matt Murray with a rebound.
17:58 of 3rd period - Slapshot by Evan Bouchard.
17:58 of 3rd period - Shot Blocked by Brent Burns.
18:46 of 3rd period - Slapshot by Hampus Lindholm.
18:46 of 3rd period - Shot Blocked by Brett Pesce.
18:48 of 3rd period - Wrist shot by Travis Konecny.
18:48 of 3rd period - Shot Blocked by Scott Mayfield.
18:50 of 3rd period - Wrist shot by Travis Konecny.
18:50 of 3rd period - Shot Blocked by David Perron.
18:59 of 3rd period - Icing by David Perron.
19:00 of 3rd period - Roope Hintz wins face-off versus David Perron in Edmonton Oilers zone.
19:30 of 3rd period - Minor Penalty to Darnell Nurse for Hooking.
19:31 of 3rd period - Jason Dickinson wins face-off versus Boone Jenner in Tampa Bay Lightning zone.
19:41 of 3rd period - Slapshot by Brent Burns.
19:41 of 3rd period - Shot Misses the Net.
Goals for this period are 0 for Tampa Bay Lightning vs 1 for Edmonton Oilers.
Shots for this period are 2 for Tampa Bay Lightning vs 11 for Edmonton Oilers.
Back to the Top